[Event "US Masters 2022"]
[Site "Charlotte"]
[Date "2022.11.27"]
[Round "7.20"]
[White "Plotkin, Mark"]
[Black "Nagy, Gabor"]
[Result "1/2-1/2"]
[ECO "B43"]
[WhiteElo "2361"]
[BlackElo "2482"]
[Annotator "TA"]
[PlyCount "155"]
[EventDate "2022.11.23"]
[EventType "swiss"]
[EventCountry "USA"]
[SourceTitle "playchess.com"]
[Source "ChessBase"]
[SourceQuality "1"]
[TimeControl "5400+30"]

1. e4 c5 2. Nf3 e6 3. d4 cxd4 4. Nxd4 a6 5. Nc3 b5 6. Bd3 Qb6 7. Nb3 Qc7 8. Qg4 {[%emt 0:05:06] B43: Sicilian: Kan Variation: 5 Nc3.} Nf6 9. Qg3 Qxg3 10. hxg3 {[%emt 0:00:03] White is slightly better.} (10. fxg3 Nc6 $11) 10... Nc6 11. f3 {[%emt 0:03:07] [#]} Rg8 $146 (11... Ne5 $14) ({Predecessor:} 11... d6 12. g4 Bb7 13. Bd2 Nd7 14. a4 b4 15. Na2 d5 16. exd5 exd5 17. O-O-O Be7 {½-½ (66) Ramon Perez,J (2256)-Ramiro Ovejero,J (2386) Aragon 2017}) 12. g4 $16 h6 13. g5 (13. Bf4 $16) 13... hxg5 $14 14. Bxg5 Bb7 15. O-O-O Be7 16. Rhe1 d6 17. a4 bxa4 18. Nxa4 Nd7 19. Be3 Rc8 20. Kb1 g5 21. Be2 g4 22. f4 {[%emt 0:06:51] White has more active pieces.} (22. fxg4 $6 Nce5 $11) (22. Nc3 $14) 22... Nb4 $11 23. Nc3 Nf6 $1 24. Rd4 d5 $1 25. e5 Nh5 26. Bf2 g3 (26... Nc6 $5 27. Ra4 d4 $11) 27. Be3 Ng7 28. Bg4 $36 {[%emt 0:01:19][%mdl 2048] White is more active.} Rh8 {[%emt 0:00:35] Inhibits Rh1.} 29. Rd2 Nc6 30. Na4 Rh4 31. Bh3 $1 {[%emt 0:03:59] Prevents d4.} (31. Nac5 Rxg4 32. Nxb7 Nf5 $17) 31... Rb8 32. Nac5 d4 33. Bxd4 Rxf4 (33... Nh5 $11 {remains equal.}) 34. Nxb7 ({White should play} 34. Be3 $16 Rh4 35. Nd7 (35. Rd7 Ba8 $11)) 34... Rxb7 35. Bc5 (35. Bc3 $11 {is superior.}) 35... Rb5 $15 36. Bxe7 (36. Bd6 $15) 36... Kxe7 $17 37. Rd6 (37. Nc1 $142) 37... Rxe5 38. Red1 Nb4 39. Rb6 (39. Nc1 $17) 39... Rd5 40. Rb7+ Kf6 41. Re1 Re5 (41... Nf5 $19 {And now ...Nd6 would win.} 42. Bxf5 Rdxf5) 42. Rxf7+ Kxf7 43. Rxe5 Rf1+ 44. Nc1 Nf5 {[%emt 0:00:00] Inhibits Re3. aiming for ...Kf6.} 45. Re4 (45. b3 $17) 45... Nd5 $1 $19 46. c4 Nb4 (46... Nf4 $19 47. Bxf5 exf5) 47. c5 $1 $15 a5 48. Rc4 Nc6 (48... Ke7 $17 {Threatens to win with ...Kd7.} 49. c6 Kd8 50. c7+ Kc8) 49. Rc3 $11 Nfd4 {[%emt 0:00:00] Strongly threatening ...Ne2.} 50. Bg4 {[%emt 0:00:31] Inhibits Ne2.} Ne5 51. Bh5+ Ke7 52. Rxg3 Rh1 53. Rh3 Rg1 54. Rg3 a4 {[%emt 0:00:00][%mdl 1024] White must now prevent ...Nb3. Black has compensation.} 55. Rc3 {[%emt 0:01:22] Inhibits Nb3.} Kd7 56. Ka2 $1 Rh1 57. Bf3 Kc7 58. c6 (58. Nd3 {simplifies} Ndxf3 59. gxf3 Nxd3 60. Rxd3 Kc6 61. Rd6+) 58... Rf1 59. Be4 Re1 60. Bf3 Rf1 61. Be4 Rd1 62. Nd3 $2 {[%emt 0:00:48] [#]} (62. Bf3 $11 Rf1) 62... Nb3 $1 {[%emt 0:00:00] Pair of Knights!} 63. Ka3 $14 (63. Nxe5 $2 Ra1#) 63... Ra1+ 64. Kb4 Nf7 65. Nf4 Nd8 66. Rd3 Re1 $2 (66... Nxc6+ $14 67. Bxc6 Kxc6) 67. Rd7+ $18 (67. Kxa4 $2 Rxe4+ 68. Kxb3 Rxf4 69. Rd7+ Kc8 $19) 67... Kc8 68. Bf3 (68. Kxa4 $2 Rxe4+ 69. Kxb3 Rxf4 $19) 68... Rc1 69. Kb5 {[%emt 0:00:52] Ng6 is the strong threat.} (69. Kxa4 Nc5+ 70. Kb5 Nxd7 71. cxd7+ Kxd7 $17) 69... e5 {[%emt 0:00:00] [#]} 70. Kb6 $1 {[%emt 0:00:30][%cal Od7a7] Hoping for Ra7!} Na5 (70... e4 71. Rc7+) 71. Ng6 ({Less strong is} 71. Kxa5 Nxc6+ 72. Bxc6 (72. Kxa4 Kxd7 73. Nd3 Ra1+ 74. Kb5 Nd4+ 75. Kc4 Kd6 $17) 72... Rxc6 $16) 71... Ndxc6 72. Rg7 {[%emt 0:00:25] Bg4+ would kill now.} Rc4 {[%emt 0:03:15] Inhibits Bg4+.} 73. Rc7+ Kb8 $2 (73... Kd8 74. Bxc6 Nxc6 75. Rxc6 Rb4+ 76. Kc5 Rxb2) 74. Bxc6 {[%emt 0:00:13][%cal Og6e5] Threatening mate with Nxe5!} Rc2 {[%emt 0:00:01] [#]} 75. Nxe5 $2 (75. Rg7 $1 $18 Nc4+ 76. Kb5 Nd6+ 77. Kxa4 Rxc6 78. Nxe5) 75... Rxb2+ $11 {[%emt 0:00:19] The position is equal.} 76. Bb5 Rxb5+ $1 77. Kxb5 {[%emt 0:00:01] Intending Kb6 and mate.} Kxc7 78. Kxa4 {[%emt 0:00:20] What a bad dream for Black.   Weighted Error Value: White=0.16 (very precise) /Black=0.15 (very precise)} (78. Kxa5 $2 {loses.} a3 79. Kb5 a2 $19) 1/2-1/2

[Event "US Masters 2022"]
[Site "Charlotte"]
[Date "2022.11.27"]
[Round "7.21"]
[White "Wang, Jason"]
[Black "Chandra, Akshat"]
[Result "0-1"]
[ECO "E11"]
[WhiteElo "2345"]
[BlackElo "2472"]
[Annotator "TA"]
[PlyCount "92"]
[EventDate "2022.11.23"]
[EventType "swiss"]
[EventCountry "USA"]
[SourceTitle "playchess.com"]
[Source "ChessBase"]
[SourceQuality "1"]
[TimeControl "5400+30"]

1. d4 Nf6 2. c4 e6 3. Nf3 Bb4+ 4. Nbd2 d6 5. g3 a5 6. Bg2 {[%emt 0:00:33] E11: Bogo-Indian.} Nc6 7. O-O e5 8. Nb1 {[%emt 0:01:38] White is slightly better.} exd4 9. Nxd4 Nxd4 10. Qxd4 O-O 11. Nc3 h6 12. b3 Re8 13. e3 {[%emt 0:11:16] [#]} Bf5 $146 (13... Bxc3 $5 14. Qxc3 Ne4 $11) ({Predecessor:} 13... Bc5 14. Qd3 Rb8 15. Bb2 Bd7 16. h3 Qc8 17. Kh2 Bc6 18. Nd5 Nxd5 19. cxd5 Bd7 {1-0 (36) Birnboim,N (2365)-Rooze,J (2261) Rhodes 2019}) 14. Bb2 c6 {[%emt 0:08:34] Against Nd5} 15. Na4 Qe7 16. a3 Bc5 17. Nxc5 dxc5 18. Qc3 a4 19. b4 cxb4 20. axb4 Red8 21. e4 Be6 (21... Nxe4 $2 22. Qxg7#) (21... Bxe4 $2 22. Rfe1 $18) 22. Rfd1 Rxd1+ 23. Rxd1 Rd8 24. Ra1 {[%emt 0:05:33] [#]} (24. Rxd8+ $11 Qxd8 25. Bf3) 24... b5 $1 $17 {[%emt 0:00:55] Black keeps a firm grip on the game.} 25. e5 Ne8 26. Bf1 Nc7 27. cxb5 cxb5 28. Ba3 Bb3 {[%emt 0:17:29] Black is more active.} 29. Rc1 {[%emt 0:01:35] [#]} Ne6 (29... Nd5 30. Qc6 $11) 30. Re1 (30. Bxb5 $17 {was necessary.} Nd4 31. Bf1) 30... Qb7 $19 31. Bb2 (31. h4 $142) 31... Rc8 32. Qe3 (32. Bg2 {might work better.} Rxc3 33. Bxb7) 32... Ng5 {[%emt 0:01:25] aiming for ...Nf3+.} 33. Bg2 {[%emt 0:00:34] Against Nf3+} Bd5 34. h4 {[%emt 0:00:04] Threatens to win with Bxd5.} Bxg2 35. hxg5 Bh1 $40 {[%emt 0:00:13][%csl Gh1][%cal Rb7g2,Bg2h1,Bh1f3,Bf3d5][%mdl 160] Black wants a kill.} 36. f3 Qxf3 ({Not} 36... Bxf3 37. e6 hxg5 38. Bxg7 $11 (38. e7 Re8 $11)) 37. Qxf3 Bxf3 {[%emt 0:00:04][%mdl 4096] Endgame KRB-KRB} 38. Rc1 Rd8 39. gxh6 (39. e6 $142) 39... gxh6 40. Bc3 Rd3 {[%emt 0:00:22] Hoping for ...a3.} 41. Kf2 Bd5 {[%emt 0:01:04] Strongly threatening ...a3.} 42. e6 Bxe6 (42... fxe6 $2 {is the wrong capture.} 43. Be5 $19) 43. Be5 Rb3 44. Bc3 $2 (44. Ra1) 44... a3 {[%emt 0:00:17][%cal Ba4a3,Ba3a2][%mdl 32] Black is clearly winning.} 45. Ke2 a2 {[%emt 0:00:09][%cal Ob3c3] ( -> ...Rxc3!)} 46. Kd2 Rb1 {[%emt 0:00:07] Weighted Error Value: White=0.29 (precise) /Black=0.09 (flawless)} 0-1

[Event "US Masters 2022"]
[Site "Charlotte"]
[Date "2022.11.27"]
[Round "7.22"]
[White "Escalante Ramirez, Brian Sebasti"]
[Black "Chen, Ryo"]
[Result "1-0"]
[ECO "B53"]
[WhiteElo "2468"]
[BlackElo "2269"]
[Annotator "TA"]
[PlyCount "75"]
[EventDate "2022.11.23"]
[EventType "swiss"]
[EventCountry "USA"]
[SourceTitle "playchess.com"]
[Source "ChessBase"]
[SourceQuality "1"]
[TimeControl "5400+30"]

1. e4 c5 2. Nf3 d6 3. Nc3 Nf6 4. d4 cxd4 5. Qxd4 Nc6 6. Qd3 {[%emt 0:00:03] B53: Sicilian: 2...d6: Lines with Qxd4.} g6 7. Nd5 $1 {[%emt 0:00:15][%mdl 4] now scores much better than the old 7.Be2.} Bg7 8. c3 {[%emt 0:00:02] The position is equal.} (8. Nxf6+ {simplifies} Bxf6 9. c3 O-O 10. Be2) 8... O-O 9. Be2 Bg4 10. O-O Nd7 11. Bg5 h6 12. Bh4 {[%emt 0:00:03] [#]} Nc5 $146 ({Predecessor:} 12... g5 13. Bg3 Nc5 14. Qc2 Bh5 15. b4 Nd7 16. b5 Na5 17. Rfd1 Bxf3 18. Bxf3 Rc8 {0-1 (44) Hjorth,J (1936)-Sapundjiev,G (2302) ICCF email 2017}) 13. Qc2 Rc8 $2 {[%emt 0:09:17] [#] Black cannot hold the game after this.} (13... g5 $11 {and Black is okay.} 14. Bg3 f5 15. exf5 Bxf5) 14. Nd4 $1 $18 Bxe2 15. Nxc6 {[%emt 0:00:27][%mdl 64] Remove Defender} bxc6 16. Nxe7+ (16. Qxe2 $2 cxd5 17. exd5 Qb6 $19) 16... Kh7 17. Qxe2 {[%emt 0:00:57][%cal Oe7g6] And now Nxg6! would win.} g5 18. Nxc8 gxh4 19. Nxa7 Qb6 {[%emt 0:01:41] [#]} (19... Qc7 $142) 20. Qe3 $1 {[%emt 0:01:47][%cal Ob2b4] Hoping for b4!} Qb7 {[%emt 0:02:03] [#] Prevents b4.} (20... Qxa7 $2 21. b4 $18) 21. Rad1 $1 Ra8 22. Rxd6 (22. b4 Ne6 23. e5 Qxa7) 22... Qxa7 23. Rxc6 Na4 24. Qf4 Nxb2 25. Rc7 ({Not} 25. Qxh4 Qd7 26. Rc5 Na4 $14) 25... Qxa2 26. Rxf7 $40 {[%emt 0:00:09][%mdl 128] Black is in trouble.} ({Don't play} 26. Qxf7 Qxf7 27. Rxf7 Na4 $16) 26... Qe6 27. Rb7 Nd3 28. Qxh4 {[%emt 0:01:26] Threatens to win with Qg3.} Nc5 29. Re7 Qg6 30. Qf4 Na4 $2 (30... Kh8 31. Qc7 Nd3) 31. Qc7 {[%emt 0:05:42] Ra1 is the strong threat.} Rg8 32. Ra1 Nb2 33. g3 Kh8 34. Rb1 Na4 35. Rb8 Nxc3 36. Rxg8+ Kxg8 37. Qc8+ Bf8 38. Re8 {[%emt 0:00:19] Weighted Error Value: White=0.08 (flawless) /Black=0.51} (38. Qc4+ $142 Kh8 39. Qxc3+ Bg7 40. e5 Qb1+ 41. Kg2) 1-0

[Event "US Masters 2022"]
[Site "Charlotte"]
[Date "2022.11.27"]
[Round "7.23"]
[White "Paikidze, Nazi"]
[Black "Korley, Kassa"]
[Result "0-1"]
[ECO "D12"]
[WhiteElo "2323"]
[BlackElo "2451"]
[Annotator "TA"]
[PlyCount "82"]
[EventDate "2022.11.23"]
[EventType "swiss"]
[EventCountry "USA"]
[SourceTitle "playchess.com"]
[Source "ChessBase"]
[SourceQuality "1"]
[TimeControl "5400+30"]

1. d4 d5 2. Nf3 Nf6 3. c4 c6 4. e3 Bf5 5. Nc3 e6 6. Bd3 Bg6 7. O-O Nbd7 8. cxd5 {[%emt 0:15:20] [#] Bxg6 is the strong threat. D12: Slav Defence: 3 Nf3 Nf6 4 e3 Bf5.} exd5 9. Ne5 Bxd3 10. Qxd3 {[%emt 0:03:55] The position is equal.} Bd6 11. f4 {[%emt 0:00:51] [#]} Bb4 $146 ({Predecessor:} 11... Qe7 12. Bd2 Ne4 13. Nxe4 dxe4 14. Qb3 Nf6 15. Be1 Nd5 16. Bf2 O-O 17. Qc2 f5 {1-0 (28) Srihari,L (2414)-Lee,Q (2262) Chess.com INT 2020}) 12. Ne2 Ne4 13. Qb3 Qb6 14. Nxd7 Kxd7 15. Ng3 Rae8 {[%emt 0:10:22] Black is more active.} 16. Nxe4 Rxe4 17. a3 Bd6 18. Qxb6 (18. Qd3 $15) 18... axb6 $17 19. Bd2 c5 20. dxc5 bxc5 21. Kf2 Rhe8 {[%emt 0:01:06][%cal Od6f4] Strongly threatening ...Bxf4!} 22. Rfe1 b5 23. g3 g6 24. Bc3 f5 25. Rad1 Kc6 26. Rc1 h5 27. h4 c4 28. Bd4 Bc5 29. Bxc5 Kxc5 {[%emt 0:00:01][%mdl 4096] Endgame KRR-KRR} 30. Rc3 (30. Rc2 $142) 30... Rd8 31. Rd1 d4 32. b4+ $2 {[%emt 0:01:24] This move loses the game for White.} (32. exd4+ $17 {is a better defense.} Rdxd4 33. Rxd4 Kxd4 34. Rf3) 32... Kd5 {[%emt 0:01:37] And now ...Rde8 would win.} 33. a4 (33. exd4 $142 Rde8 34. Rc2) 33... Rde8 34. a5 (34. exd4 $142 bxa4 35. Rdc1) 34... Rxe3 $19 35. Rxe3 Rxe3 {[%emt 0:00:03] KR-KR} 36. Ra1 c3 37. a6 Re8 38. a7 Ra8 {[%emt 0:00:04] [#] ( -> ...d3)} 39. Ke2 Kc4 40. Ra6 d3+ 41. Ke3 d2 {[%emt 0:00:32] Weighted Error Value: White=0.97/Black=0.09 (flawless)} 0-1

[Event "US Masters 2022"]
[Site "Charlotte"]
[Date "2022.11.27"]
[Round "7.24"]
[White "Canty, James"]
[Black "Sargsyan, Anna M."]
[Result "1/2-1/2"]
[ECO "C56"]
[WhiteElo "2158"]
[BlackElo "2384"]
[Annotator "TA"]
[PlyCount "37"]
[EventDate "2022.11.23"]
[EventType "swiss"]
[EventCountry "USA"]
[SourceTitle "playchess.com"]
[Source "ChessBase"]
[SourceQuality "1"]
[TimeControl "5400+30"]

1. e4 e5 2. Nf3 Nc6 3. d4 exd4 4. Bc4 Nf6 5. e5 d5 6. Bb5 Ne4 7. Nxd4 Bd7 8. Bxc6 bxc6 9. O-O Bc5 10. f3 Ng5 11. f4 Ne4 12. Be3 Bb6 $1 {[%emt 0:00:18] 12...Bb6 is better than 12...0-0. C56: Two Knights: 4 d4 exd4 5 0-0 Nxe4.} 13. Nc3 Nxc3 14. bxc3 O-O 15. Re1 Qe7 16. Qf3 Rad8 {[%emt 0:13:20] [#]} 17. Qg3 $146 ({Predecessor:} 17. Qf2 Rfe8 18. a4 c5 19. Nb3 c4 20. Nc5 Ba5 21. Bd4 Bc8 22. f5 Qg5 23. Re3 Qxf5 24. Qxf5 Bxf5 {0-1 (39) Simons,M (2005)-Venkataramanan,T (2221) England 2019}) 17... Rfe8 18. Kh1 ({Better is} 18. a4 $11) 18... Bxd4 ({Black should play} 18... c5 $15 19. Nf3 Bf5) 19. Bxd4 {[%emt 0:00:46] Weighted Error Value: White=0.23 (precise) /Black=0.17 (very precise)} (19. cxd4 $5 Rb8 20. Bc1 $15) 1/2-1/2

[Event "US Masters 2022"]
[Site "Charlotte"]
[Date "2022.11.27"]
[Round "8.1"]
[White "Jacobson, Brandon"]
[Black "Yoo, Christopher Woojin"]
[Result "0-1"]
[ECO "D45"]
[WhiteElo "2551"]
[BlackElo "2573"]
[Annotator "TA"]
[PlyCount "98"]
[EventDate "2022.11.23"]
[EventType "swiss"]
[EventCountry "USA"]
[SourceTitle "playchess.com"]
[Source "ChessBase"]
[SourceQuality "1"]
[TimeControl "5400+30"]

1. Nf3 d5 2. e3 Nf6 3. c4 c6 4. Nc3 Nbd7 5. d4 e6 6. Be2 b6 7. O-O Bb7 8. b3 Bd6 9. Bb2 O-O 10. Qc2 Qe7 11. Rfe1 {[%emt 0:00:16] D45: Semi-Slav: 5 e3.} Rfd8 $5 {[%emt 0:03:32][%mdl 4] Leaves trodden paths.} 12. e4 (12. Rad1 Bb4 13. Nd2 e5 14. cxd5 cxd5 15. dxe5 Nxe5 16. Nb5 a6 17. Nd4 Rac8 18. Qb1 Ne4 19. Nxe4 dxe4 20. Rf1 Qg5 {0-1 (50) Jacobson,B (2530)-Yoo,C (2495) Charlotte 2021}) 12... Nxe4 13. Nxe4 {[%emt 0:00:07] The position is equal.} dxe4 14. Qxe4 {[%emt 0:00:06] [#]} Ba3 $146 ({Predecessor:} 14... Nf6 15. Qc2 Ba3 16. Rad1 Bxb2 17. Qxb2 c5 18. dxc5 Qxc5 19. Ne5 h6 20. b4 Qc7 {½-½ (28) Neto,H (2590)-Ljubicic,L (2589) ICCF email 2014}) 15. Bxa3 Qxa3 16. Qf4 Rac8 17. Rad1 Qe7 18. Rd2 c5 19. d5 exd5 20. cxd5 {[%emt 0:00:02][%cal Oe2a6] Ba6! is the strong threat.} Qf6 21. Qg3 a6 22. a4 {[%emt 0:00:03] Against b5} Re8 23. Rdd1 Qc3 24. Nd2 (24. Bc4 {simplifies} Rxe1+ 25. Nxe1 Qxg3 26. hxg3 Rd8 27. Nd3) 24... Qc2 25. Qg4 Nf6 26. Qc4 Qf5 $36 {[%emt 0:06:57][%mdl 2048] Black is more active.} 27. d6 Rcd8 28. Nf3 (28. Nf1 $11 {keeps the balance.}) 28... Re6 {[%emt 0:10:42] Black continues to play with concentration.} 29. Nh4 (29. Bd3 $15 Rxe1+ 30. Rxe1) 29... Qe4 30. h3 (30. Nf3 $142) 30... Kf8 {[%emt 0:01:38] Black is more active.} ({Don't play} 30... Rdxd6 $6 31. Qxe4 Bxe4 32. Rxd6 Rxd6 33. Bxa6 $11) (30... Rexd6 $6 31. Rxd6 Rxd6 32. Qxe4 Nxe4 33. Nf5 $11) 31. Bf1 Qxc4 {[%emt 0:00:22] Dancing on a razor blade.} ({Worse is} 31... Qxe1 32. Rxe1 Rxe1 33. Nf5 $11) 32. Bxc4 Rxe1+ 33. Rxe1 Rxd6 34. Nf5 {[%emt 0:00:06] [#] Against g6} Rd7 35. f3 Nh5 36. Kf2 g6 37. Ne3 Nf4 38. Kg3 Rd4 39. Ng4 (39. Bf1 $17) 39... h5 $19 40. Ne3 h4+ 41. Kf2 $2 {[%emt 0:00:02] [#]} (41. Kh2) 41... Rxc4 $1 {[%emt 0:01:54][%mdl 512] Black is clearly winning.} 42. Nxc4 {[%emt 0:00:26][%mdl 4096] Endgame And now Kf1 would win. KRN-KBN} Nd3+ 43. Ke2 Nxe1 44. Kxe1 {[%emt 0:00:04] KB-KN} b5 ({Stronger than} 44... Bd5 45. Nxb6 Bxb3 46. Nd7+ Ke7 47. Nxc5 $17) 45. axb5 axb5 46. Ne5 Ke7 {[%emt 0:00:08] Against Nd7} 47. Kd2 Bd5 48. Kc2 Kd6 49. Nd3 {[%emt 0:00:05] [#]} Bxb3+ $1 {[%emt 0:00:04][%mdl 512] Weighted Error Value: White=0.42/Black=0.08 (flawless)} 0-1

[Event "US Masters 2022"]
[Site "Charlotte"]
[Date "2022.11.27"]
[Round "8.2"]
[White "Cordova, Emilio"]
[Black "Mandizha, Farai"]
[Result "1/2-1/2"]
[ECO "E60"]
[WhiteElo "2561"]
[BlackElo "2359"]
[Annotator "TA"]
[PlyCount "64"]
[EventDate "2022.11.23"]
[EventType "swiss"]
[EventCountry "USA"]
[SourceTitle "playchess.com"]
[Source "ChessBase"]
[SourceQuality "1"]
[TimeControl "5400+30"]

1. Nf3 Nf6 2. c4 g6 3. b3 Bg7 4. Bb2 d6 5. d4 O-O 6. e3 e5 {[%emt 0:01:17] E60: King's Indian: Unusual lines and Fianchetto Variation without Nc3.} 7. Be2 Re8 8. Nc3 Qe7 9. Rc1 e4 10. Nd2 {[%emt 0:00:13] [#]} c5 $146 ({Predecessor:} 10... c6 11. O-O h5 12. Re1 Nbd7 13. f3 exf3 14. Bxf3 Bh6 15. e4 Ng4 16. Bxg4 hxg4 {0-1 (22) Bruno,E-Fiori,A (2136) Ezeiza 2001}) 11. d5 h5 12. h3 h4 13. Qc2 Bf5 14. Nf1 g5 15. g3 Nbd7 (15... Bg6 $11) 16. gxh4 (16. f4 {feels hotter.} exf3 17. Qxf5 fxe2 18. Kxe2 Nh5 19. gxh4 Ng3+ 20. Nxg3 Qxe3+ 21. Kd1) 16... gxh4 17. f4 $1 {[%emt 0:01:24] Prevents Ne5.} exf3 18. Qxf5 fxe2 19. Kxe2 Bh6 (19... Qe5 $14 20. Qxe5 Nxe5) 20. Rc2 a6 {[%emt 0:03:01] Prevents Nb5.} (20... Bxe3 $2 21. Kd1 Bd4 22. Qg5+ Kh8 23. Qxh4+ Nh7 24. Qxe7 Rxe7 25. Ng3 $18) 21. Kd1 (21. Nd1 {looks sharper.} Qe4 22. Rg1+ Kf8 23. Qxe4 Rxe4 24. Nf2) 21... Qe5 (21... Bxe3 $2 22. Re2 Qe5 23. Nxe3 $18) 22. Rf2 {[%emt 0:02:54] Hoping for Na4.} (22. Qf3 {is more complex.} Qh5 23. Rf2 Kf8 24. Ne2) 22... Qxf5 (22... Bxe3 $2 23. Nxe3 Qd4+ 24. Kc2 Rxe3 25. Nd1 $18 (25. Rd1 Qe5 $14)) 23. Rxf5 Re5 $1 (23... Bxe3 $2 24. Ne2 $18) 24. Rf3 {[%emt 0:00:04] aiming for Nb1.} (24. Rg1+ {keeps more tension.} Kf8 25. Rf3 b5 26. Nb1) 24... Rg5 $1 25. Nd2 (25. Ne2 {simplifies} Nh5 26. Nf4 Bg7 27. Bxg7 Nxg7 28. Nd2) 25... Re8 ({Don't take} 25... Rg2 26. Rhf1 $14) 26. Ne2 Nh5 (26... Ne4 {simplifies} 27. Nxe4 Rxe4 28. Rhf1 Rg2) 27. Rhf1 (27. Rh2 $11) 27... Rg2 $1 $15 28. Nf4 (28. Rg1 $15 Rxg1+ 29. Nxg1) 28... Nxf4 (28... Bxf4 $17 29. exf4 Ree2) 29. exf4 Ree2 {[%emt 0:00:07] Prevents R1f2.} 30. Bc1 Ne5 31. fxe5 $11 Bxd2 32. Rxf7 Bxc1 {[%emt 0:00:00] Weighted Error Value: White=0.20 (precise) /Black=0.13 (very precise)} 1/2-1/2

[Event "US Masters 2022"]
[Site "Charlotte"]
[Date "2022.11.27"]
[Round "8.3"]
[White "Macieja, Bartlomiej"]
[Black "Cruz, Cristhian"]
[Result "1/2-1/2"]
[ECO "D31"]
[WhiteElo "2514"]
[BlackElo "2552"]
[Annotator "TA"]
[PlyCount "147"]
[EventDate "2022.11.23"]
[EventType "swiss"]
[EventCountry "USA"]
[SourceTitle "playchess.com"]
[Source "ChessBase"]
[SourceQuality "1"]
[TimeControl "5400+30"]

1. c4 e6 2. Nc3 d5 3. d4 a6 4. cxd5 exd5 5. Bf4 Nf6 6. e3 {[%emt 0:00:11] D31: Queen's Gambit Declined: Semi-Slav without ...Nf6 (+ Marshall Gambit and Noteboom) and Exchange Variation lines without ...Nf6.} Bd6 7. Bg3 O-O 8. Bd3 Bxg3 9. hxg3 {[%emt 0:00:06][%cal Od3h7] Hoping for Bxh7+!} h6 10. Nf3 Re8 11. Qc2 c5 {[%emt 0:09:33] [#]} 12. Be2 $146 (12. dxc5 {with more complications.} d4 13. Na4 dxe3 14. Nb6) ({Predecessor:} 12. dxc5 d4 13. Nd1 Nc6 14. a3 Bg4 15. O-O Bxf3 16. gxf3 Ne5 17. Be4 d3 18. Qa4 Nxe4 19. Qxe4 {1-0 (81) Iniyan,P (2556)-Panda,S (2346) Dubai 2022}) 12... Nc6 ({Better is} 12... c4) 13. dxc5 $11 Qa5 14. O-O Qxc5 15. Rfd1 Be6 16. Rac1 Qa5 17. Nd4 Nxd4 18. Rxd4 Rac8 19. Bf3 b5 20. a3 {[%emt 0:03:15] Prevents b4.} (20. Bxd5 $2 Nxd5 21. Qd2 Nxc3 22. Rxc3 Rxc3 23. Qxc3 Qxc3 24. bxc3 Bxa2 $19) 20... Rc4 21. Qd2 (21. Bxd5 $2 Bxd5 22. Rcd1 Rxd4 23. Rxd4 Bc4 $19) 21... Rec8 (21... b4 $5 22. axb4 (22. Nxd5 $2 Rxc1+ 23. Qxc1 Nxd5 $19) 22... Qxb4 $11) 22. Rd1 (22. Bxd5 $2 Rxd4 23. exd4 Bxd5 $19) 22... Qb6 23. Rf4 ({But not} 23. Bxd5 Rxd4 24. Qxd4 Qxd4 25. Rxd4 Nxd5 26. Nxd5 Rc1+ 27. Kh2 Rc2 $15) 23... Qc5 24. b4 Qc6 25. Nxd5 Bxd5 26. Bxd5 Qxd5 27. Qxd5 Nxd5 28. Rxd5 Rxf4 29. gxf4 $14 {[%emt 0:00:02][%mdl 4096] Endgame KR-KR} Rc3 30. a4 $1 bxa4 31. Ra5 Rc4 32. Rxa4 ({Much worse is} 32. Rxa6 $6 Rxb4 33. Kf1 g6 $11) 32... a5 33. Rxa5 Rxb4 34. f5 Rb2 35. f3 f6 36. Kh2 Re2 37. e4 h5 38. Kg3 Kh7 39. Ra8 Rb2 (39... g5 $16) 40. Re8 (40. f4 $1 $18) 40... Rb3 {[%emt 0:00:59] [#]} (40... Rb7 $16 41. Kf4 Ra7) 41. Re7 (41. Kh4 $1 $18 ) 41... Kh6 42. Re6 {[%emt 0:00:03] White is more active.} Ra3 {[%emt 0:01:05] [#]} (42... Kh7 $16 43. Kf4 h4) 43. Kf4 (43. Re8 $1 $18 {[%cal Re8h8] and the rest is easy. Rh8+ is the strong threat.} Kh7 44. Rc8) 43... Ra2 $16 44. g3 Ra4 45. Rd6 Rb4 46. Ke3 {[%emt 0:02:07] Strongly threatening e5.} Rb3+ 47. Kf4 Rb4 $1 48. Ke3 Rb3+ $1 49. Rd3 Rb1 50. f4 {[%emt 0:01:00] And now e5 would win.} Rf1 $2 (50... Kh7 $16 51. Kf3 Rb5) 51. Rd8 $18 Kh7 {[%emt 0:00:09] Prevents Rh8+.} 52. Rd2 $2 (52. Rf8 $18 {has better winning chances.}) 52... Kh6 (52... Rg1 $16) 53. Rh2 ({White should try} 53. e5 $18 fxe5 54. Rd6+ (54. fxe5 Kg5 $11) 54... Kh7 55. Ke2 (55. fxe5 Rxf5 56. Re6 Rg5 $11)) 53... g5 $16 54. Ke2 (54. fxg6 $16 {Black must now prevent f5.} Kxg6 55. Rc2) 54... Ra1 $11 {[%emt 0:00:22] The position is equal.} 55. Rf2 Ra3 56. Rf3 Ra2+ 57. Kf1 Ra1+ 58. Kg2 Re1 59. e5 {[%emt 0:00:30] aiming for e6.} gxf4 60. e6 Kg5 61. Kf2 (61. Rxf4 $5 h4 $8 62. Rxh4 Kxf5 63. Kf2 $11) 61... Ra1 (61... Re4 $2 62. Rxf4 Re5 63. Kf3 $18) 62. Rxf4 h4 63. Re4 {[%emt 0:00:51] Threatening mate with e7.} hxg3+ 64. Kxg3 {[%emt 0:00:06] e7 would kill now.} Ra3+ 65. Kf2 Ra8 66. e7 Re8 $1 67. Ke3 Kxf5 68. Kd4 {[%emt 0:00:19] White wants to mate with Kd5.} Kg6 69. Kd5 {[%emt 0:00:03] Intending Ke6 and mate.} Kf7 70. Kd6 {[%emt 0:00:02] White threatens Kd7 and mate.} Ra8 71. e8=B+ Rxe8 72. Rxe8 Kxe8 73. Ke6 Kf8 74. Kxf6 {[%emt 0:00:33] Weighted Error Value: White=0.19 (very precise) /Black=0.21 (precise)} 1/2-1/2